 Dungeon Sprint DCSS version 0.21.1-1-g345015f (webtiles) character file.

1623 doot the Basher (level 8, 0/81 HPs)
             Began as a Purple Draconian Berserker on June 7, 2018.
             Was a High Priest of Trog.
             Slain by a fire elemental (12 damage)
             ... in the Dungeon (Sprint V: "Ziggurat Sprint").
             The game lasted 00:03:39 (519 turns).

doot the Basher (Purple Draconian Berserker)         Turns: 519, Time: 00:03:40

Health: 0/81       AC:  6    Str: 33    XL:     8   Next: 65%
Magic:  8/8        EV: 17    Int:  7    God:    Trog [*****.]
Gold:   0          SH:  0    Dex: 12    Spells: 7/7 levels left

rFire    . . .     SeeInvis +   a - +9 heavy crossbow "Sniper" {velocity, Acc+∞ SInv}
rCold    . . .     Gourm    .   (shield currently unavailable)
rNeg     . . .     Faith    .   (armour unavailable)
rPois    .         Spirit   .   (helmet restricted)
rElec    .         Reflect  .   (no cloak)
rCorr    .         Harm     .   (no gloves)
MR       +....     NoTele   +   (no boots)
Stlth    +.........             (no amulet)
HPRegen  0.23/turn              H - +6 ring of strength
MPRegen  0.11/turn              G - +6 ring of strength

@: very slightly contaminated
A: breathe power, unfitting armour, cold-blooded, AC +6
a: Breathe Dispelling Energy, Berserk, Trog's Hand, Brothers in Arms, Burn
Spellbooks, Renounce Religion


You were in the Dungeon.
You worshipped Trog.
Trog was extremely pleased with you.
You were not hungry.

You visited 1 branch

Inventory:

Hand Weapons
 a - the +9 heavy crossbow "Sniper" (weapon) {velocity, Acc+∞ SInv}
   (You found it in the Dungeon)

   Any bolt fired from it inflicts extra damage.
   It lets you see invisible.
 b - the +10 dark maul {crush}
   (You found it in the Dungeon)

   It inflicts extra damage upon your enemies.
Missiles
 K - 1068 bolts (quivered)
Armour
 h - a +5 crystal plate armour
 i - +5 fire dragon scales
 j - +5 gold dragon scales
 k - +5 ice dragon scales
 l - a +5 plate armour
 m - +5 shadow dragon scales
 n - +5 storm dragon scales
Jewellery
 C - a +6 ring of dexterity
 D - a +6 ring of dexterity
 E - a +6 ring of intelligence
 F - a +6 ring of intelligence
 G - a +6 ring of strength (right hand)
 H - a +6 ring of strength (left hand)
Wands
 y - a wand of disintegration (7)
 A - a wand of iceblast (7)
 B - a wand of acid (7)
Scrolls
 g - 3 scrolls of blinking
 o - 7 scrolls of fog
 p - a scroll of holy word
 q - 5 scrolls of identify
 r - 5 scrolls of remove curse
 s - 2 scrolls of fear
Potions
 d - 6 potions of haste
 e - 7 potions of magic
 f - 3 potions of berserk rage
 t - 2 potions of brilliance
 u - 2 potions of invisibility
 v - 4 potions of resistance
 w - a potion of experience
 x - 5 potions of agility
 z - 5 potions of might
 I - 10 potions of curing
 J - 10 potions of heal wounds
Books
 M - a book of Air

   Spells                             Type                      Level
   a - Shock                          Conjuration/Air              1
   b - Swiftness                      Charms/Air                   2
   c - Static Discharge               Conjuration/Air              3
   d - Airstrike                      Air                          4
   e - Lightning Bolt                 Conjuration/Air              5
   Trog disapproves of the use of such an item.
 P - a book of the Sky

   Spells                             Type                      Level
   a - Summon Lightning Spire         Summoning/Air                4
   b - Silence                        Hexes/Air                    5
   c - Deflect Missiles               Charms/Air                   6
   d - Conjure Ball Lightning         Conjuration/Air              6
   e - Tornado                        Air                          9
   Trog disapproves of the use of such an item.
Miscellaneous
 L - a lightning rod (4/4)
 N - a lamp of fire
Comestibles
 c - 7 rations


   Skills:
 + Level 10.7 Fighting
 * Level 11.3 Maces & Flails
 * Level 7.7 Crossbows
 + Level 9.3 Dodging
 - Level 3.0 Unarmed Combat


You had 7 spell levels left.
You didn't know any spells.

Dungeon Overview and Level Annotations

Branches:
Dungeon (1/1)

Altars:
Ashenzari
Cheibriados
Dithmenos
Elyvilon
Fedhas
Gozag
Hepliaklqana
Kikubaaqudgha
Makhleb
Nemelex Xobeh
Okawaru
Qazlal
Ru
Sif Muna
Trog
Uskayaw
Vehumet
Wu Jian
Xom
Yredelemnul
Zin
The Shining One
Beogh
Jiyva
Lugonu

Annotations:
D 1 transporter


Innate Abilities, Weirdness & Mutations

You can breathe bolts of dispelling energy.
Your rich purple scales are hard. (AC +6)
You cannot fit into any form of body armour.
You are cold-blooded and may be slowed by cold attacks.


Message History

The fire elemental hits you. The fire elemental burns you!
* * * LOW HITPOINT WARNING * * *
Unknown command.
Blink to where?
Press: ? - help, Dir - move target cursor, p - fire elemental You are very lightly contaminated with residual magic.
As you read the scroll of blinking, it crumbles to dust.
Firing (i - inventory):
K - 1070 bolts (quivered)
Press: ? - help, Shift-Dir - straight line, f - fire elemental
Aim: a fire elemental (heavily damaged)
You shoot a bolt. The bolt hits the fire elemental!!!
You destroy the fire elemental!
Trog accepts your kill.
Firing (i - inventory):
K - 1069 bolts (quivered)
Press: ? - help, Shift-Dir - straight line, f - fire elemental
Aim: a fire elemental You shoot a bolt.
The bolt hits the fire elemental!
The fire elemental is heavily damaged.
The fire elemental hits you. The fire elemental burns you!
You die...

▓.8©8.▓.8©8.▓.8©8.▓
▓...).▓.)|).▓.....▓
▓..|..▓.....▓.|.|.▓
▓..†..▓.....▓.....▓
▓.....▓.....▓.....▓
▓.....▓.....▓..©..▓
▓..©..▓..©..▓▓▓▓▓▓▓
▓▓▓▓▓▓▓▓▓▓▓▓▓▓▓▓▓▓
..8©8...▓..8©8.E@▓
....[...▓..:[:§E.▓
...)....▓..|§§§E.▓
.|......▓.§..§§..▓
........▓.§(§....▓
..())...▓(▓....▓.▓
...©....▓.§§©....▓
▓▓▓▓▓▓▓▓▓▓▓▓▓▓▓▓▓▓


You could see 3 fire elementals.

Vanquished Creatures
  A cyclops (D)
  2 vault sentinels (D)
  A fire elemental (D)
  A golden eye (D)
  2 hell hounds (D)
  A boggart (D)
  2 quasits (D)
  2 adders (D)
  A white imp (D)
  An ooze (D)
  A ball python (D)
15 creatures vanquished.

Notes
Turn   | Place    | Note
-------+----------+-------------------------------------------
     0 | D        | Found the +6 Majin-Bo {vamp, Archmagi MP+6 Int+6}
     0 | D        | Found the +7 great mace "Firestarter" {inner flame, rF++}
     0 | D        | doot the Draconian Berserker began the quest for the Orb.
     0 | D        | Reached XP level 1. HP: 19/19 MP: 1/1
     3 | D        | Found a blossoming altar of Fedhas.
     4 | D        | Found a transporter.
     4 | D        | Found a viscous altar of Jiyva.
     4 | D        | Found an ancient bone altar of Kikubaaqudgha.
     4 | D        | Found a hazy altar of Hepliaklqana.
     4 | D        | Found a corrupted altar of Lugonu.
     4 | D        | Found an opulent altar of Gozag.
     4 | D        | Found a burning altar of Makhleb.
     5 | D        | Found a sacrificial altar of Ru.
     5 | D        | Found a stormy altar of Qazlal.
     5 | D        | Found a deep blue altar of Sif Muna.
     5 | D        | Found an iron altar of Okawaru.
     5 | D        | Found a bloodstained altar of Trog.
     5 | D        | Found a sparkling altar of Nemelex Xobeh.
    22 | D        | Found the +9 heavy crossbow "Sniper" {velocity, Acc+∞ SInv}
    22 | D        | Found the +10 dark maul {crush}
    22 | D        | Found the +15 Maxwell's patent armour {-Cast -Tele rElec MR+ rCorr}
    22 | D        | Found the +18 shield of the Gong {rElec rN+ MR+ EV-5}
    22 | D        | Found the cursed +14 obsidian axe {chop, +Fly SInv *Curse}
    60 | D        | Entered arena 2.
    60 | D        | Noticed a golden eye
    60 | D        | Found a transporter.
    70 | D        | Reached skill level 1 in Maces & Flails
    70 | D        | Reached skill level 1 in Crossbows
   113 | D        | Killed a golden eye
   113 | D        | Reached skill level 4 in Maces & Flails
   113 | D        | Reached skill level 5 in Dodging
   113 | D        | Reached XP level 2. HP: 22/31 MP: 2/2
   113 | D        | Reached XP level 3. HP: 27/38 MP: 3/3
   113 | D        | Reached XP level 4. HP: 32/45 MP: 4/4
   113 | D        | Reached XP level 5. HP: 36/51 MP: 5/5
   200 | D        | Entered arena 3.
   200 | D        | Found a transporter.
   203 | D        | Reached ** piety under Trog
   217 | D        | Entered arena 4.
   217 | D        | Noticed a hell hound
   217 | D        | Found a transporter.
   218 | D        | Killed a hell hound
   218 | D        | Reached skill level 6 in Maces & Flails
   218 | D        | Reached skill level 5 in Crossbows
   218 | D        | Reached XP level 6. HP: 61/61 MP: 6/6
   219 | D        | Reached *** piety under Trog
   254 | D        | Entered arena 5.
   254 | D        | Noticed a vault sentinel
   254 | D        | Noticed a cyclops
   254 | D        | Noticed a vault sentinel
   254 | D        | Found a transporter.
   256 | D        | Reached **** piety under Trog
   256 | D        | Reached skill level 7 in Maces & Flails
   260 | D        | Killed a vault sentinel
   260 | D        | Received a gift from Trog
   260 | D        | Reached skill level 8 in Maces & Flails
   260 | D        | Your scales start taking on a rich purple colour.
   260 | D        | Reached XP level 7. HP: 68/70 MP: 7/7
   261 | D        | Killed a vault sentinel
   261 | D        | Reached ***** piety under Trog
   261 | D        | Reached skill level 10 in Fighting
   261 | D        | Reached skill level 9 in Maces & Flails
   261 | D        | Reached XP level 8. HP: 60/79 MP: 8/8
   262 | D        | Killed a cyclops
   262 | D        | Received a gift from Trog
   262 | D        | Reached skill level 10 in Maces & Flails
   510 | D        | Entered arena 6.
   510 | D        | Found a transporter.
   511 | D        | Reached skill level 11 in Maces & Flails
   519 | D        | Slain by a fire elemental

Skill      XL: |  1  2  3  4  5  6  7  8 |
---------------+-------------------------+-----
Maces & Flails | 4 6 8 9 11 | 11.3
Crossbows      | 4 5 6 7 |  7.7
Dodging        | 5 6 8 9 |  9.3
Fighting       | 6 7 9 10 | 10.7
Unarmed Combat | |  3.0

Action                   |  1- 3 |  4- 6 |  7- 9 || total
-------------------------+-------+-------+-------++-------
Melee: Maul              |    10 |     6 |     2 ||    18
 Fire: Heavy crossbow    |       |     6 |     4 ||    10
Invok: Berserk           |       |     1 |       ||     1
  Use: Scroll            |       |       |     1 ||     1
Armor: Skin              |     3 |    12 |     7 ||    22
Dodge: Dodged            |     5 |    31 |    13 ||    49
